 Dungeon Crawl Stone Soup version 0.20-a0-772-g73021bd (webtiles) character file.

128 M4edhros the Poker (level 4, -3/35 HPs)
             Began as a Mummy Chaos Knight on Feb 27, 2017.
             Slain by an ogre
             ... wielding a +0 giant spiked club
              (19 damage)
             ... on level 4 of the Dungeon.
             The game lasted 00:00:36 (586 turns).

M4edhros the Poker (Mummy Chaos Knight)              Turns: 586, Time: 00:00:37

Health: -3/35      AC:  5    Str: 15    XL:     4   Next: 87%
Magic:  4/4        EV: 11    Int: 11    God:    Xom [..*...]
Gold:   33         SH:  0    Dex: 12    Spells: 3/3 levels left

rFire    x . .     SeeInvis .   a - +0 spear (chaos)
rCold    + . .     Gourm    .   b - +2 leather armour
rNeg     + + +     Faith    .   (no shield)
rPois    ∞         Spirit   .   (no helmet)
rElec    .         Reflect  .   (no cloak)
rCorr    .         Harm     .   (no gloves)
MR       .....                  (no boots)
Stlth    +.........             (no amulet)
Regen    0.2/turn               (no ring)
MPRegen  0.1/turn               (no ring)

@: no status effects
A: no food or potions, fire vulnerability, cold resistance 1, negative energy
resistance 3, torment resistance, unbreathing
a: Renounce Religion


You were on level 4 of the Dungeon.
You worshipped Xom.
You were a toy of Xom.
You were not hungry.

You visited 1 branch of the dungeon, and saw 4 of its levels.

You collected 33 gold pieces.

Inventory:

Hand Weapons
 a - a +0 spear of chaos (weapon)
Armour
 b - a +2 leather armour (worn)
Scrolls
 c - a scroll of remove curse {unknown}
 d - a scroll of recharging {unknown}
 e - 2 scrolls of enchant weapon {unknown}
 f - 2 scrolls of blinking {unknown}
 g - a scroll of identify {unknown}


   Skills:
 - Level 3.0 Fighting
 + Level 4.6 Polearms
 - Level 1.5 Armour
 - Level 0.7 Dodging


You had 3 spell levels left.
You didn't know any spells.

Dungeon Overview and Level Annotations

Branches:
Dungeon (4/15)
 Temple: D:4-7

Altars:


Innate Abilities, Weirdness & Mutations

You do not eat or drink.
Your flesh is vulnerable to fire.
You are immune to poison.
Your flesh is cold resistant. (rC+)
You are immune to negative energy. (rN+++)
You are immune to unholy pain and torment.
You can survive without breathing.


Message History

Aim: an ogre, wielding a giant spiked club (lightly wounded)
The leopard gecko is in the way.
You hit the leopard gecko.
You kill the leopard gecko!
The leopard gecko turns into a zombie!
The ogre hits your leopard gecko zombie with a giant spiked club!!
Your leopard gecko zombie is destroyed!
Attack whom?
Press: ? - help, Dir - move target cursor, f/p - ogre
Aim: an ogre, wielding a giant spiked club (lightly wounded)
You reach to attack!
You hit the ogre.
The ogre is moderately wounded.
Attack whom?
Press: ? - help, Dir - move target cursor, f/p - ogre
Aim: an ogre, wielding a giant spiked club (moderately wounded)
You hit the ogre. You freeze the ogre.
The ogre is heavily wounded.
The ogre hits you with a giant spiked club!!
Ouch! That really hurt!
You die...
Xom thinks this is hilarious!

*,,**,*, ** *.,, ,
,# * * **
###.####*,.##* * *
, , ,,, , ,,
,...,...,..., , ,
,*, ,* *, , * ,..#
..##..### ** , *
,* ,**
***#.###...#...#**
*, * *,*
#.##........., *,
, ,,* *
#<##....?.... * ,,
* ,,,,,, *
#..#O).......,* *
,, , ,,,,
##.@####...##,* *,
,,, * ##..#** ....
***, , ,,, ,,,
##..., ,... ,* ,
,,,, * * *#....,
.# * , ,,,, *
*..$...,# , , ,, *
*......,* , ,, *
*,..... * , ,,,,
*##### * ,,,,,


You could see an ogre.

Vanquished Creatures
  An ogre (D:4)
  2 adders (D:3)
  2 leopard geckos
  2 bats
  2 giant cockroaches (D:1)
  A goblin (D:2)
  2 hobgoblins (D:1)
  3 jackals (D:1)
  2 frilled lizards
  4 kobolds
  2 rats (D:1)
23 creatures vanquished.

Notes
Turn   | Place    | Note
-------+----------+-------------------------------------------
     0 | D:1      | M4edhros the Mummy Chaos Knight began the quest for the Orb.
     0 | D:1      | Reached XP level 1. HP: 18/18 MP: 1/1
    12 | D:1      | XOM: divination: detect items
   272 | D:1      | Reached XP level 2. HP: 21/24 MP: 2/2
   278 | D:1      | Reached skill level 3 in Polearms
   300 | D:2      | XOM: divination: detect creatures
   450 | D:3      | Reached XP level 3. HP: 29/29 MP: 3/3
   527 | D:3      | XOM: harmless Summ miscast
   562 | D:4      | XOM: noise
   564 | D:4      | Noticed an ogre
   570 | D:4      | Noticed an ogre
   579 | D:4      | XOM: divination: magic mapping
   582 | D:4      | Killed an ogre
   582 | D:4      | Reached skill level 4 in Polearms
   582 | D:4      | Reached XP level 4. HP: 16/35 MP: 4/4
   586 | D:4      | Slain by an ogre

Vault maps used:
D:1:      onia_arrival_larder, minmay_misc_feat_pillars, st_stairs_14,
          minmay_unequal
D:3:      first_bread, serial_corexii_hall, corexii_hall_statues_u,
          corexii_hall_statues_t
D:4:      serial_shops, shop, uniq_natasha

Skill      XL: |  1  2  3 |
---------------+----------+-----
Polearms       | 3 4 |  4.6
Fighting       | |  3.0
Armour         | |  1.5
Dodging        | |  0.7

Action                   |  1- 3 |  4- 6 || total
-------------------------+-------+-------++-------
Melee: Spear             |    84 |     4 ||    88
 Stab: Sleeping          |     2 |       ||     2
Armor: Leather armour    |    26 |     1 ||    27
Dodge: Dodged            |    44 |     1 ||    45
